Map: Romanticide LE

Players

Massa - Winner!

  • Race: Terran Terran
  • League: Platinum
  • Spawn Location: 11:00

FaFaN

  • Race: Zerg Zerg
  • League: Platinum
  • Spawn Location: 5:00

VOD

Have the link to the VOD?

Description

Time

  • Played on: Nov. 2, 2020, 5:25 a.m.
  • Length: 24:17
Show
View Real Time Build Order
Export as new Build Order

Massa Terran - Winner!

Build Orders: 2 Factory 

Get SALT Encoding   

  12  0:00  SCV  
  13  0:12  SCV  
  14  0:18  Supply Depot  
  14  0:24  SCV  
  15  0:35  Refinery  
  15  0:40  SCV  
  16  0:45  Barracks  
  16  0:52  SCV  
  17  1:04  SCV  
  18  1:16  SCV  
  19  1:28  SCV  
  19  1:32  Reaper, Supply Depot  
  21  1:40  Orbital Command  
  21  1:56  Factory  
  21  2:04  Marine  
  22  2:08  Command Center  
  22  2:11  SCV  
  23  2:26  Marine  
  24  3:01  Barracks Reactor  
  24  3:03  Factory  
  24  3:05  Barracks  
  24  3:13  Engineering Bay  
  24  3:16  Command Center  
  24  3:31  SCV  
  25  3:43  SCV  
  26  3:56  SCV, Orbital Command  
  27  4:07  Supply Depot  
  27  4:08  SCV  
  27  4:09  Barracks Tech Lab, Factory Reactor  
  28  4:20  SCV  
  28  4:23  SCV  
  30  4:24  Factory Tech Lab  
  30  4:31  Supply Depot  
  30  4:32  SCV  
  30  4:33  Bunker  
  30  4:34  Marine  
  30  4:35  SCV, Marine  
  34  4:38  Stimpack  
  34  4:43  Infernal Pre-Igniter  
  34  4:46  Hellion  
  34  4:47  Hellion  
  34  4:52  SCV x2, Marine x2  
  40  4:56  Orbital Command  
  42  5:04  SCV  
  43  5:08  Hellion x2  
  43  5:11  Missile Turret x2  
  47  5:15  Missile Turret  
  47  5:17  Refinery  
  47  5:19  Missile Turret  
  47  5:20  SCV x2  
  49  5:28  Siege Tank  
  52  5:29  Hellion  
  52  5:30  Hellion  
  52  5:32  Marine  
  52  5:33  Missile Turret  
  57  5:36  Marauder, Marine  
  57  5:38  SCV  
  57  5:39  SCV  
  62  5:50  Marine  
  62  5:51  Widow Mine  
  62  5:52  Widow Mine  
  67  6:00  SCV x3  
  67  6:01  Refinery  
  70  6:10  Refinery  
  70  6:12  Widow Mine, SCV x3  
  70  6:13  Widow Mine  
  77  6:24  SCV  
  77  6:45  Orbital Command  
  75  7:06  Marauder, Marine x2  
  77  7:21  Missile Turret  
  77  7:22  Supply Depot  
  77  7:23  Supply Depot  
  77  7:25  Supply Depot  
  77  7:28  Missile Turret  
  77  7:29  Armory, Missile Turret  
  77  7:38  Combat Shield  
  77  7:43  SCV x2, Marine x2  
  77  7:44  Widow Mine x2, SCV, Marauder, Siege Tank  
  85  7:45  Supply Depot  
  85  7:48  Supply Depot  
  85  7:50  Supply Depot  
  85  7:51  Starport  
  91  7:55  SCV x2  
  91  7:56  SCV  
  94  8:01  Marine x2  
  94  8:05  Widow Mine, Marauder  
  100  8:07  Widow Mine  
  100  8:11  Missile Turret  
  102  8:12  Supply Depot  
  102  8:16  Siege Tank  
  102  8:17  Supply Depot  
  102  8:19  Marine  
  106  8:20  Supply Depot  
  106  8:26  Marauder  
  106  8:32  Missile Turret  
  106  8:42  Supply Depot  
  106  8:45  Medivac  
  108  8:49  Siege Tank  
  108  8:54  Missile Turret  
  109  8:57  Widow Mine x2  
  109  8:58  SCV x2  
  109  8:59  SCV  
  111  9:10  SCV x2  
  111  9:11  SCV  
  111  9:15  Medivac  
  103  9:19  Marine x3  
  103  9:22  SCV  
  98  9:37  Marine x3  
  98  9:40  Siege Tank  
  98  9:42  Hellion x2  
  105  9:50  Medivac  
  105  9:52  Concussive Shells  
  107  9:55  Marine x3  
  110  10:01  Barracks  
  110  10:03  Hellion x2, Barracks  
  110  10:05  Barracks, Engineering Bay  
  114  10:07  Barracks  
  114  10:12  Marine, Siege Tank  
  114  10:13  Marine x2  
  91  10:30  Marine  
  91  10:31  Marine  
  85  10:40  Marine  
  77  10:44  Siege Tank  
  77  10:48  Marine  
  77  10:49  Marauder  
  80  10:55  Barracks  
  76  10:57  Marine  
  75  11:04  SCV  
  75  11:05  SCV x2  
  75  11:06  Marine  
  75  11:11  Marauder  
  81  11:15  Marine  
  81  11:17  SCV x3  
  85  11:19  Barracks Reactor x2, Barracks Tech Lab x2  
  85  11:24  Marine  
  86  11:26  Missile Turret  
  86  11:29  SCV x3  
  86  11:32  Marauder  
  91  11:33  Marine, Siege Tank  
  91  11:36  Widow Mine x2  
  99  11:41  SCV x3, Marauder x2  
  99  11:42  Marine  
  99  11:44  Medivac  
  99  11:45  Missile Turret  
  109  11:51  Marine  
  109  11:52  Missile Turret  
  109  11:53  SCV x3, Marauder  
  115  11:54  Refinery  
  115  11:55  Sensor Tower  
  115  11:57  Widow Mine x2  
  115  12:00  Supply Depot  
  117  12:02  Marauder x2  
  117  12:05  Missile Turret  
  117  12:06  Widow Mine  
  123  12:10  Missile Turret  
  123  12:14  Sensor Tower, Medivac  
  123  12:15  Marauder  
  127  12:22  Command Center  
  127  12:23  Terran Infantry Armor Level 1, Marauder, Terran Infantry Weapons Level 1  
  127  12:24  Marauder  
  131  12:31  Missile Turret  
  131  12:41  Siege Tank  
  131  12:42  Widow Mine x2  
  138  12:44  Medivac  
  138  12:45  Marauder x3, Marine  
  138  12:46  Marine  
  138  12:47  Marine  
  138  12:49  Marine  
  150  12:51  Missile Turret  
  146  13:03  Widow Mine  
  146  13:04  Widow Mine  
  139  13:07  Marauder  
  141  13:13  Siege Tank  
  144  13:25  Widow Mine x2  
  148  13:29  Medivac  
  150  13:46  Siege Tank  
  153  13:59  SCV x3, Missile Turret, Medivac  
  153  14:00  Missile Turret  
  153  14:02  Missile Turret x2  
  158  14:03  Missile Turret  
  158  14:11  SCV x3  
  161  14:18  Terran Infantry Armor Level 2, Terran Infantry Weapons Level 2  
  161  14:20  Command Center  
  161  14:21  Supply Depot  
  161  14:23  SCV x3, Supply Depot  
  161  14:24  Missile Turret  
  164  14:25  Missile Turret  
  164  14:26  Widow Mine x2, Siege Tank  
  164  14:27  Marine  
  164  14:28  Marine  
  173  14:35  SCV  
  173  14:36  Planetary Fortress  
  174  15:00  Sensor Tower  
  174  15:02  Refinery  
  174  15:04  Refinery  
  174  15:08  Missile Turret  
  172  15:16  Widow Mine  
  172  15:17  Widow Mine, Siege Tank  
  160  16:11  Missile Turret x3  
  160  16:13  Missile Turret  
  157  16:50  Marauder, Marine  
  157  16:51  Marauder x2, Marine x5  
  155  17:08  Marine  
  155  17:09  Marine x5  
  155  17:11  Marauder  
  155  17:12  Marauder x2  
  166  17:26  Marine  
  166  17:27  Marine x5  
  166  17:28  Widow Mine x2, Siege Tank  
  177  17:33  Marauder x3  
  177  17:34  Medivac  
  185  17:44  Marine x6  
  191  17:54  Marauder  
  191  17:55  Marauder  
  195  18:15  Supply Depot  
  195  18:16  Supply Depot x2  
  195  18:17  Supply Depot  
  195  18:18  Supply Depot x3  
  195  18:19  Supply Depot x2  
  195  18:21  Supply Depot  
  195  18:36  Marine x2, Siege Tank  
  200  18:42  Medivac  
  200  19:12  Planetary Fortress  
  200  19:16  Missile Turret x2  
  200  19:17  Missile Turret  
  200  19:18  Missile Turret  
  200  19:37  Marauder, Missile Turret  
  200  19:39  Marauder  
  200  19:41  Missile Turret  
  200  21:00  Refinery  
  200  21:02  Refinery  
  200  21:05  Sensor Tower  
  200  21:56  Marauder  
  198  22:17  Marauder  
  199  23:50  Sensor Tower  
  199  24:02  Sensor Tower  
  199  24:08  Sensor Tower  
  199  24:13  Command Center  
Show
View Real Time Build Order
Export as new Build Order

FaFaN Zerg 

Build Orders: Hatch First, Lurkers, Muta Ling Bane 

Get SALT Encoding   

  12  0:00  Drone  
  13  0:12  Overlord  
  13  0:21  Drone  
  14  0:31  Drone x2  
  14  0:34  Drone  
  17  0:47  Drone  
  18  0:57  Hatchery  
  18  0:58  Drone  
  19  1:11  Drone  
  19  1:16  Spawning Pool  
  18  1:21  Extractor  
  18  1:22  Drone  
  18  1:34  Drone  
  19  1:42  Overlord  
  19  1:50  Overlord  
  19  2:03  Zergling x2  
  19  2:04  Queen  
  22  2:08  Queen  
  22  2:10  Zergling x2  
  22  2:15  Drone  
  26  2:21  Zergling x2  
  27  2:25  Extractor  
  27  2:28  Drone  
  27  2:32  Drone  
  28  2:37  Baneling Nest  
  28  2:39  Queen  
  29  2:45  Drone  
  30  2:59  Lair  
  30  3:01  Drone x3  
  30  3:02  Drone  
  34  3:11  Metabolic Boost  
  34  3:17  Drone x3  
  37  3:25  Drone x2  
  37  3:26  Drone  
  40  3:36  Overlord x2  
  40  3:40  Drone x2  
  42  3:45  Baneling  
  42  3:55  Drone x4  
  46  4:02  Drone  
  47  4:10  Spire  
  47  4:12  Spore Crawler  
  47  4:13  Extractor  
  47  4:14  Spore Crawler  
  43  4:31  Drone x4  
  43  4:32  Overlord x3  
  47  4:39  Zergling x2  
  48  4:52  Overlord x2  
  48  5:01  Drone x5  
  48  5:05  Extractor  
  52  5:20  Hatchery  
  51  5:23  Mutalisk x4  
  51  5:24  Mutalisk  
  61  5:36  Spine Crawler  
  61  5:38  Mutalisk  
  62  5:47  Zergling x10  
  62  5:48  Extractor, Overseer x2  
  66  5:52  Zergling x4  
  68  6:01  Queen x2  
  68  6:02  Overlord x3  
  72  6:18  Mutalisk x2  
  69  6:38  Roach Warren  
  68  6:42  Mutalisk x2  
  72  6:47  Overseer  
  72  6:55  Drone x2  
  72  6:56  Drone  
  72  6:58  Drone  
  72  6:59  Drone x7  
  81  7:10  Zergling x6  
  84  7:21  Zergling x6  
  84  7:22  Baneling x3  
  87  7:23  Baneling x5  
  87  7:25  Glial Reconstitution  
  87  7:29  Extractor  
  86  7:38  Drone, Zerg Flyer Armor Level 1  
  86  7:39  Drone x3  
  86  7:40  Zergling x8  
  86  7:41  Hatchery  
  93  7:45  Extractor  
  93  7:46  Centrifical Hooks  
  93  7:49  Evolution Chamber  
  91  7:52  Mutalisk, Evolution Chamber  
  91  7:55  Zergling x8  
  91  7:57  Zergling x2  
  97  8:27  Mutalisk x4  
  97  8:30  Zergling x10  
  110  8:38  Spine Crawler, Spore Crawler  
  108  8:43  Roach x2  
  112  8:50  Overlord  
  112  8:51  Overlord x3  
  112  8:54  Zerg Ground Armor Level 1  
  112  8:55  Zerg Melee Weapons Level 1  
  112  8:58  Roach x2  
  98  9:10  Roach  
  98  9:11  Roach  
  86  9:19  Zergling x2  
  86  9:20  Zergling x4  
  81  9:26  Roach  
  81  9:27  Roach x6  
  89  9:39  Roach  
  89  9:40  Roach x3  
  89  9:41  Zergling x2  
  89  9:43  Ravager x3  
  100  9:49  Ravager x3  
  100  9:50  Ravager  
  100  9:51  Zergling x4  
  100  9:52  Zergling x2  
  107  9:57  Baneling  
  107  9:58  Baneling x5  
  107  9:59  Zergling x2  
  97  10:20  Zergling x12  
  97  10:21  Zergling x4  
  90  10:28  Zergling x4  
  90  10:29  Zergling x4  
  86  10:36  Zergling x8  
  80  10:49  Zergling x8  
  74  11:02  Zergling x4  
  74  11:03  Zergling x4  
  78  11:05  Overseer  
  78  11:09  Roach x4  
  86  11:11  Baneling x3  
  86  11:12  Baneling x6  
  86  11:16  Roach x3  
  92  11:20  Overseer  
  92  11:27  Overlord x2  
  92  11:35  Hydralisk Den  
  92  11:36  Zerg Missile Weapons Level 1  
  92  11:39  Ravager x4  
  95  11:41  Ravager  
  95  11:42  Roach x2  
  95  11:44  Ravager  
  101  11:52  Drone x4  
  101  11:53  Drone  
  106  11:57  Pneumatized Carapace  
  103  12:10  Ravager x2  
  103  12:11  Zergling x4  
  103  12:12  Zergling x8  
  103  12:13  Zergling x2  
  112  12:22  Muscular Augments  
  112  12:24  Hydralisk  
  112  12:28  Drone  
  116  12:30  Drone x2  
  116  12:32  Drone  
  118  12:38  Ravager  
  118  12:43  Hydralisk x3  
  91  13:06  Hydralisk x2  
  91  13:07  Hydralisk x4  
  91  13:11  Lurker Den  
  91  13:14  Baneling x8  
  91  13:15  Baneling, Zergling x6  
  91  13:16  Zergling x4  
  96  13:30  Hydralisk x4  
  96  13:31  Hydralisk  
  96  13:34  Grooved Spines  
  106  13:35  Drone  
  106  13:36  Drone x3  
  110  13:58  Overseer  
  110  13:59  Overseer x2  
  110  14:00  Drone x4  
  110  14:01  Drone  
  115  14:18  Hydralisk x3  
  115  14:20  Lurker x5  
  115  14:21  Lurker x5  
  131  14:25  Zerg Missile Weapons Level 2  
  131  14:27  Drone x2  
  131  14:28  Drone x4  
  131  14:29  Zergling x6, Infestation Pit  
  139  14:38  Drone x4  
  143  14:43  Overlord x2  
  143  14:46  Spine Crawler, Spore Crawler  
  143  14:50  Extractor  
  143  14:51  Drone x2  
  142  15:01  Zergling x8  
  142  15:02  Zergling x12  
  146  15:10  Zergling x4  
  146  15:11  Zergling x10  
  92  15:52  Mutalisk x3  
  92  15:53  Mutalisk x6  
  92  15:54  Hydralisk  
  92  15:55  Hydralisk x2  
  116  16:05  Hatchery  
  116  16:07  Overlord x4  
  115  16:14  Unknown  
  112  16:25  Lurker x5  
  110  16:32  Zergling x4  
  109  16:33  Zergling x12  
  113  16:43  Lurker x3  
  113  16:44  Zergling x4  
  98  16:55  Zergling x4  
  98  17:00  Zergling x2, Swarm Host  
  88  17:08  Zergling x2  
  49  18:05  Hatchery  
  47  18:25  Extractor x2, Burrow  
  45  18:34  Hatchery  
  34  19:21  Hatchery  
  25  19:42  Hatchery  
  25  19:44  Hatchery  
  18  19:59  Hatchery  
  7  20:57  Drone  
  7  21:02  Drone x2  
  7  21:03  Drone  
  9  21:32  Extractor  
  8  21:40  Hatchery  
  8  21:42  Drone x3  
  6  22:07  Extractor  
  5  22:24  Drone  
  5  22:28  Hatchery  
  5  22:29  Drone  
  4  22:41  Hatchery  
  1  23:40  Drone  
Tags
 
Add a new tag
Caveats
  • Supply blocks, unpowered buildings, or Contaminate may cause inaccurate times.
  • Supply counts are checked every 10 seconds.